 Dungeon Crawl Stone Soup version 0.27-a0-1119-gbf574a6a6b (webtiles) character file.

Game seed: 9655387312498689923

32 Zeld the Shield-Bearer (level 3, 0/26 HPs)
             Began as an Octopode Fighter on May 2, 2021.
             Slain by an orc
             ... wielding a +0 whip
              (1 damage)
             ... on level 3 of the Dungeon.
             The game lasted 00:00:34 (161 turns).

Zeld the Shield-Bearer (Octopode Fighter)            Turns: 161, Time: 00:00:35

Health: 0/26       AC:  1    Str: 16    XL:     3   Next: 27%
Magic:  3/3        EV: 11    Int: 10    God:
Gold:   14         SH:  9    Dex: 11    Spells: 2/2 levels left

rFire    . . .     SeeInvis .   a - +0 war axe
rCold    . . .     Faith    .   b - +0 kite shield
rNeg     . . .     Spirit   .   (helmet restricted)
rPois    .         Reflect  .   (no amulet)
rElec    .         Harm     .   (no ring)
rCorr    .         Rampage  .   (no ring)
Will     .....                  (no ring)
Stlth    ++........             (no ring)
HPRegen  0.08/turn              (no ring)
MPRegen  0.08/turn              (no ring)
                                (no ring)
                                (no ring)

@: no status effects
A: almost no armour, amphibious, 8 rings, camouflage 1, gelatinous body 1,
(nimble swimmer 1), tentacles
a: no special abilities


You were on level 3 of the Dungeon.
You visited 1 branch of the dungeon, and saw 3 of its levels.

You collected 14 gold pieces.

Inventory:

Hand Weapons
 a - a +0 war axe (weapon)
Armour
 b - a +0 kite shield (worn)
Potions
 c - a potion of might


   Skills:
 * Level 3.4 Fighting
 * Level 2.6 Axes
 - Level 3.0 Dodging
 * Level 3.4 Shields


You had 2 spell levels left.
You didn't know any spells.
Your spell library was empty.

Dungeon Overview and Level Annotations

Branches:
Dungeon (3/15)

Altars:


Innate Abilities, Weirdness & Mutations

You cannot wear most types of armour.
You are amphibious.
You can wear up to eight rings at the same time.
Your skin changes colour to match your surroundings (Stealth+).
Your rubbery body absorbs attacks. (AC +1, EV +1)
((You are camouflaged near water. (Stealth+)))
You have tentacles for arms and can constrict up to eight enemies at once.


Message History

The puff of flame hits you.
You closely miss the orc wizard. Your grab misses the orc wizard.
You squeeze the orc wizard, but do no damage.
The orc wizard hits you with a +0 dagger.
You barely miss the orc wizard. Your grab misses the orc wizard.
The orc wizard gestures at you while chanting.
The magic dart hits you. The orc wizard barely misses you.
You are too injured to fight recklessly!
You barely miss the orc wizard. You grab the orc wizard.
You constrict the orc wizard.
The orc wizard escapes!
The orc wizard points at you and mumbles some strange words.
The puff of flame misses you.
Unknown command.
You barely miss the orc wizard. You grab the orc wizard.
You squeeze the orc wizard.
The orc wizard is moderately wounded.
You hit the orc but do no damage. You constrict the orc wizard.
The orc wizard hits you with a +0 dagger.
* * * LOW HITPOINT WARNING * * *
The orc hits you with a +0 whip.
* * * LOW HITPOINT WARNING * * *
You hit the orc wizard. You squeeze the orc wizard.
You kill the orc wizard!
You hit the orc but do no damage. You block the orc's attack.
The orc completely misses you.
You have reached level 3!
Your experience leads to an increase in your attributes!
Increase (S)trength, (I)ntelligence, or (D)exterity?
You feel stronger.
You closely miss the orc. Your grab misses the orc. The orc barely misses you.
You block the orc's attack.
You hit the orc. Your grab misses the orc.
The orc is moderately wounded.
The orc hits you with a +0 whip.
* * * LOW HITPOINT WARNING * * *
You barely miss the orc. You grab the orc.
The orc is moderately wounded.
You constrict the orc. You block the orc's attack.
The orc hits you with a +0 whip.
You die...

#)##...........
#.......####
#.......#
##......#
#.......#
#.......##
#........#
##.....#.# ##.
##...@#.###.....
####)o......#
####...#.#
.......#
........#
...o......#
#.........$#
#ooo.......#
#..........#


You could see an orc.

Vanquished Creatures
  An orc wizard (D:3)
  2 orcs (D:3)
  A quokka (D:3)
  A ball python (D:2)
  A bat (D:2)
  2 frilled lizards
8 creatures vanquished.

Vanquished Creatures (others)
  5 plants (D:2)
5 creatures vanquished.

Grand Total: 13 creatures vanquished

Notes
Turn   | Place    | Note
-------+----------+-------------------------------------------
     0 | D:1      | Zeld the Octopode Fighter began the quest for the Orb.
     0 | D:1      | Reached XP level 1. HP: 16/16 MP: 1/1
   147 | D:3      | Reached XP level 2. HP: 21/21 MP: 2/2
   159 | D:3      | Reached XP level 3. HP: 3/26 MP: 3/3
   160 | D:3      | HP: 1/26 [orc/+0 whip (3)]
   161 | D:3      | Slain by an orc

Illustrated notes

Levels and vault maps discovered:
D:1:      lightli_arrival_boilingwater, layout_basic, serial_shops,
          nicolae_shop_crystal
D:2:      layout_loops_corners, ebering_ecumenical_altar_abandoned,
          serial_forest, infiniplex_forest_clump_long,
          infiniplex_forest_clump_large, infiniplex_forest_clump_double,
          infiniplex_forest_clump_medium, infiniplex_forest_corner_1,
          infiniplex_forest_lined_3_way, infiniplex_forest_corner_1,
          infiniplex_forest_diagonal, infiniplex_forest_end_2
D:3:      layout_rooms, minmay_gold_behind_fungi

Action                   || total
-------------------------++-------
Melee: War axe           ||    23
       Constrict         ||     8
       Tentacles         ||     3
Dodge: Dodged            ||    15
Block: Kite shield       ||    10

Table legend: (Time is in decaauts)
 A = Elapsed time spent in this place.
 B = Non-inter-level travel time spent in this place.
 C = Inter-level travel time spent in this place.
 D = Time resting spent in this place.
 E = Time spent auto-exploring this place.
 F = Levels seen in this place.
 G = Mean time per level.
                   A        B        C        D        E       F      G
               +--------+--------+--------+--------+--------+-----+--------+
         Total |    174 |    159 |     15 |      0 |     84 |   3 |   58.0 |
       Dungeon |    174 |    159 |     15 |      0 |     84 |   3 |   58.0 |
               +--------+--------+--------+--------+--------+-----+--------+

Top non-repeatable levels by time:
     D:2: 90 daAuts
     D:3: 58 daAuts
     D:1: 25 daAuts
